 Dungeon Crawl Stone Soup version 0.28.0-53-g5a82cb258f (webtiles) character file.

Game seed: 6712585828116320218

110 Descartes the Cudgeller (level 5, -5/35 (38) HPs)
             Began as a Formicid Warper on May 23, 2022.
             Slain by an iguana (13 damage)
             ... on level 5 of the Dungeon.
             The game lasted 00:04:33 (2919 turns).

Descartes the Cudgeller (Formicid Warper)           Turns: 2919, Time: 00:04:33

HP:   -5/35 (38)    AC:  5    Str: 18    XL:     5   Next: 14%
MP:   8/9           EV:  9    Int: 12    God:
Gold: 125           SH:  7    Dex: 10    Spells: 9/9 levels left

rFire   . . .      SeeInvis +   l - +2 whip (flame)
rCold   . . .      Faith    .   u - +0 kite shield
rNeg    . . .      Spirit   .   r - +0 ring mail
rPois   .          Reflect  .   (helmet unavailable)
rElec   .          Harm     .   (no cloak)
rCorr   .          Rampage  .   (no gloves)
Will    .....                   (no boots)
Stlth   ..........              (no amulet)
HPRegen 0.11/turn               (no ring)
MPRegen 0.11/turn               (no ring)

@: drained
A: permanent stasis, dig shafts and tunnels, antennae 3, four strong arms
a: Dig, Shaft Self


You were on level 5 of the Dungeon.
You visited 1 branch of the dungeon, and saw 4 of its levels.

You collected 125 gold pieces.

Inventory:

Hand Weapons
 l - a +2 whip of flaming (weapon)
 q - a +4 hand axe
Missiles
 b - 4 poisoned darts
 c - 5 boomerangs of dispersal (quivered)
 g - 27 bolts
 k - 3 atropa-tipped darts
 o - 43 stones
 t - 20 arrows
Armour
 a - a +0 buckler
 r - a +0 ring mail (worn)
 u - a +0 kite shield (worn)
Scrolls
 e - a scroll of teleportation
 i - a scroll of amnesia
 j - a scroll of immolation
 m - a scroll of fog {unknown}
 n - a scroll of vulnerability {unknown}
Potions
 d - a potion of ambrosia {unknown}
 f - 2 potions of might {unknown}
 h - a potion of berserk rage {unknown}
 p - 2 potions of curing {unknown}
 s - a potion of magic {unknown}
 v - a potion of mutation {unknown}


   Skills:
 - Level 2.1 Fighting
 * Level 3.3 Maces & Flails
 - Level 1.0 Throwing
 + Level 2.1 Armour
 - Level 1.7 Dodging
 + Level 1.9 Shields
 + Level 2.7 Spellcasting
 + Level 3.2 Translocations


You had 9 spell levels left.
You didn't know any spells.
Your spell library contained the following spells:

 Spells                   Type           Power      Damage    Failure   Level
 Gell's Gravitas          Tloc           9%         N/A       65%         3
 Lesser Beckoning         Tloc           9%         N/A       65%         3
 Teleport Other           Tloc           9%         N/A       65%         3
 Portal Projectile        Hex/Tloc       10%        N/A       86%         3
 Call Canine Familiar     Summ           1%         N/A       97%         3
 Leda's Liquefaction      Hex/Erth       0%         N/A       100%        4
 Manifold Assault         Tloc           9%         N/A       100%        5
 Blink                    Tloc           Unusable   N/A       N/A         2

Dungeon Overview and Level Annotations

Branches:
Dungeon (3/15)

Altars:


Innate Abilities, Weirdness & Mutations

You cannot be hasted, slowed, berserked, paralysed or teleported.
You can dig through walls and to a lower floor.
You have a pair of large antennae on your head. (SInv)
Your four strong arms can wield two-handed weapons with a shield.


Message History

The hound barks!
The hound moves out of view.
You see here a viscous green potion.
d - a viscous green potion
Found 12 gold pieces.
The hound bites you. The hound bites you but does no damage.
You closely miss the hound. The hound bites you but does no damage.
You whack the hound! You burn the hound.
The hound is severely wounded.
You block the hound's attack. x2
You hit the hound. You burn the hound.
You kill the hound!
The iguana bites you!
You have reached level 5!
You see here a hound corpse.
The iguana hisses menacingly.
You extend your mandibles.
You dig through the rock wall.
You feel drained.
You dig through the rock wall.
You feel drained.
You retract your mandibles.
You hit the iguana. You burn the iguana.
The iguana is moderately wounded.
The iguana bites you!
You barely miss the iguana.
The iguana is moderately wounded.
You block the iguana's attack.
You closely miss the iguana.
The iguana is moderately wounded.
The iguana bites you!
* * * LOW HITPOINT WARNING * * *
You hit the iguana. You burn the iguana.
The iguana is severely wounded.
The iguana bites you.
* * * LOW HITPOINT WARNING * * *
You hit the iguana but do no damage.
The iguana is severely wounded.
You block the iguana's attack.
You hit the iguana. You burn the iguana.
The iguana is almost dead.
The iguana bites you!
You die...

##.## #
##...##
..#.....##
#.......#
#.....{{#
##......{#
......{†###
.###.....#l##
#.......#@#
#.......###
#.....>$#
##.....##
##...## ####


You could see an iguana.

Vanquished Creatures
  A hound (D:5)
  2 adders (D:2)
  A worm (D:3)
  4 dart slugs
  An orc (D:3)
  7 endoplasms
  4 giant cockroaches
  4 goblins
  3 hobgoblins
  3 quokkas
  2 ball pythons (D:2)
  5 bats
  3 frilled lizards
  5 kobolds
  3 rats
48 creatures vanquished.

Notes
Turn   | Place    | Note
-------+----------+-------------------------------------------
     0 | D:1      | Descartes the Formicid Warper began the quest for the Orb.
     0 | D:1      | Reached XP level 1. HP: 16/16 MP: 3/3
   128 | D:1      | Reached XP level 2. HP: 20/22 MP: 5/5
   654 | D:1      | Reached XP level 3. HP: 25/27 MP: 6/6
  1020 | D:2      | Reached skill level 1 in Shields
  1723 | D:2      | Reached XP level 4. HP: 30/33 MP: 7/7
  2892 | D:3      | You fall into a shaft and drop 2 floors!
  2892 | D:5      | Entered Level 5 of the Dungeon
  2908 | D:5      | Reached XP level 5. HP: 24/38 MP: 7/9
  2919 | D:5      | Slain by an iguana

Illustrated notes

Levels and vault maps discovered:
D:1:      minmay_arrival_checkered_box, layout_loops_ring
D:2:      layout_basic
D:3:      layout_basic, mainiacjoe_overflow_brackets,
          minmay_fractal_squares_diagonal_5, uniq_robin
D:5:      layout_rooms, gup_sewer_entry_glass

Skill      XL: |  1  2  3  4 |
---------------+-------------+-----
Shields        | 1 |  1.9
Translocations | 3 |  3.2
Maces & Flails | 3 |  3.3
Armour         | 2 |  2.1
Fighting       | |  2.1
Throwing       | |  1.0
Dodging        | |  1.7
Spellcasting   | |  2.7

Action                   |  1- 3 |  4- 6 || total
-------------------------+-------+-------++-------
Melee: Mace              |    70 |       ||    70
       Whip              |    22 |    62 ||    84
 Abil: Dig               |       |     1 ||     1
  Use: Scroll            |       |     3 ||     3
Armor: Leather armour    |    33 |    10 ||    43
       Ring mail         |       |     3 ||     3
Dodge: Dodged            |    69 |    30 ||    99
Block: Kite shield       |       |     5 ||     5
